 Dungeon Crawl Stone Soup version 0.28-a0-872-g80cf8599ee (webtiles) character file.

Game seed: 16160789012957205789

2 croobank the Sneak (level 1, 0/18 HPs)
             Began as a Demigod Delver on Nov 20, 2021.
             Slain by an adder (1 damage)
             ... on level 3 of the Dungeon.
             The game lasted 00:02:22 (153 turns).

croobank the Sneak (Demigod Delver)                  Turns: 153, Time: 00:02:22

Health: 0/18       AC:  3    Str: 13    XL:     1   Next: 20%
Magic:  3/3        EV: 11    Int: 12    God:
Gold:   23         SH:  0    Dex: 15    Spells: 0/0 levels left

rFire   . . .      SeeInvis .   a - +1 hand axe
rCold   . . .      Faith    .   (no shield)
rNeg    . . .      Spirit   .   b - +0 leather armour
rPois   .          Reflect  .   (no helmet)
rElec   .          Harm     .   (no cloak)
rCorr   .          Rampage  .   (no gloves)
Will    .....                   (no boots)
Stlth   +++.......              (no amulet)
HPRegen 0.06/turn               (no ring)
MPRegen 0.08/turn               (no ring)

@: lethally poisoned (0 -> -9)
A: high mp 1, forlorn
a: no special abilities


You were on level 3 of the Dungeon.
You visited 1 branch of the dungeon, and saw 3 of its levels.

You collected 23 gold pieces.

Inventory:

Hand Weapons
 a - a +1 hand axe (weapon)
 e - a +0 short sword
Armour
 b - a +0 leather armour (worn)
Wands
 d - a wand of acid (8)
 g - a wand of digging (2)
Scrolls
 c - a scroll of fog
 h - a scroll of noise {unknown}


   Skills:
 + Level 2.8 Fighting
 + Level 1.7 Axes
 + Level 1.7 Dodging
 + Level 4.5 Stealth


You couldn't memorise any spells.
You didn't know any spells.
Your spell library was empty.

Dungeon Overview and Level Annotations

Branches:
Dungeon (5/15)             Temple (0/1) D:4

Shops:
D:3 !


Innate Abilities, Weirdness & Mutations

Your attributes grow dramatically as you level up.
You have an increased reservoir of magic. (+10% MP)
You shall have no god before yourself.


Message History

You see here 7 gold pieces.
You now have 23 gold pieces (gained 7).
You hear the slow hiss of an avalanche of sand nearby.
You see here a scroll labelled HUZUEGR WAREG.
You see here a scroll labelled HUZUEGR WAREG.
h - a scroll labelled HUZUEGR WAREG
Found a stone staircase leading up.
A hobgoblin zombie comes into view.
There is a stone staircase leading up here.
You start resting.
An adder is nearby!
You hear the slow hiss of an avalanche of sand very nearby.
You start resting.
An adder skeleton comes into view.
You climb upwards.
Reactivating autopickup.
Found Kuaced's Distillery.
There is a stone staircase leading down here.
An adder comes into view.
The adder hisses angrily.
The orc shouts! x2
You hit the adder.
The adder is moderately wounded.
The adder bites you.
You are poisoned.
The adder poisons you! The adder bites you but does no damage.
You hit the adder.
The adder is severely wounded.
You barely miss the goblin.
You feel sick. The adder bites you but does no damage.
The goblin hits you with a +4 dagger. The adder bites you.
* * * LOW HITPOINT WARNING * * *
You are more poisoned.
The adder poisons you!
You aren't carrying any potions.
As you read the scroll labelled DOXYED SOCZUGRANE, it crumbles to dust.
It is a scroll of enchant weapon.
Your +0 hand axe glows red for a moment.
* * * LOW HITPOINT WARNING * * *
You feel sick. The adder bites you.
You die...

#.# ..... #.#.#o.
+..∩.. .. #o#o#
...##+#...####.
.......>.......
.......o#######
.##........#####.
#.....g@.......
#....###S......
#.... .......
#.... .......
###.. ......# #.#
......# ......#
......#


You could see an adder, an orc and a goblin.

Vanquished Creatures
  2 kobolds (D:4)
2 creatures vanquished.

Notes
Turn   | Place    | Note
-------+----------+-------------------------------------------
     0 | D:5      | croobank the Demigod Delver began the quest for the Orb.
     0 | D:5      | Reached XP level 1. HP: 18/18 MP: 3/3
    21 | D:4      | Noticed an orc wizard
   147 | D:3      | Found Kuaced's Distillery.
   153 | D:3      | Slain by an adder

Illustrated notes

Levels and vault maps discovered:
D:3:      layout_basic, serial_shops, nicolae_shop_crystal, minivault_4,
          uniq_natasha, uniq_sigmund, uniq_crazy_yiuf_cottage, uniq_jessica
D:4:      layout_rooms, minmay_temple_entry_junction_2,
          lightli_ossuary_entry_decrepit_ruins, minmay_mini_ossuary
D:5:      minmay_diamond_boxcup, layout_layer_cave,
          chequers_serial_rivers_micro_c, minmay_fractal_squares_diagonal_5,
          uniq_prince_ribbit1

Action                   || total
-------------------------++-------
Melee: Hand axe          ||     6
Evoke: Wand              ||     1
  Use: Scroll            ||     3
       Potion            ||     1
Armor: Leather armour    ||     6
Dodge: Dodged            ||     6

Table legend: (Time is in decaauts)
 A = Elapsed time spent in this place.
 B = Non-inter-level travel time spent in this place.
 C = Inter-level travel time spent in this place.
 D = Time resting spent in this place.
 E = Time spent auto-exploring this place.
 F = Levels seen in this place.
 G = Mean time per level.
                   A        B        C        D        E       F      G
               +--------+--------+--------+--------+--------+-----+--------+
         Total |    141 |    141 |      0 |     42 |      9 |   3 |   47.0 |
       Dungeon |    141 |    141 |      0 |     42 |      9 |   3 |   47.0 |
               +--------+--------+--------+--------+--------+-----+--------+

Top non-repeatable levels by time:
     D:4: 114 daAuts
     D:5: 21 daAuts
     D:3: 6 daAuts
